 Dungeon Crawl Stone Soup version 0.23-a0-703-gdf2d5e0 (console) character file.

1948 bli the Chopper (level 9, -18/69 HPs)
             Began as a Formicid Abyssal Knight on Jan 13, 2019.
             Was an Elder of Lugonu.
             Demolished by Harold
             ... wielding a +2 scimitar of protection
              (19 damage)
             ... on level 7 of the Dungeon.
             The game lasted 00:26:42 (6393 turns).

bli the Chopper (Formicid Abyssal Knight)           Turns: 6393, Time: 00:26:42

Health: -18/69     AC:  9    Str: 15    XL:     9   Next: 41%
Magic:  10/10      EV: 10    Int: 16    God:    Lugonu [****..]
Gold:   321        SH:  0    Dex: 11    Spells: 8/8 levels left

rFire    . . .     SeeInvis +   N - +6 flail {vamp, +Inv rPois Str-3 Int+3}
rCold    . . .     Gourm    +   (no shield)
rNeg     + . .     Faith    .   f - +3 ring mail {rPois}
rPois    +         Spirit   .   (helmet unavailable)
rElec    .         Reflect  .   (no cloak)
rCorr    .         Harm     .   (no gloves)
MR       .....                  (no boots)
Stlth    +.........             H - amulet of the gourmand
HPRegen  0.21/turn              t - ring of positive energy
MPRegen  0.12/turn              L - ring of flight

@: marked
A: permanent stasis, dig shafts and tunnels, four strong arms, antennae 3
a: Dig, Shaft Self, Depart the Abyss, Bend Space, Banish, Corrupt, Renounce
Religion, Evoke Invisibility, Evoke Flight


You were on level 7 of the Dungeon.
You worshipped Lugonu.
Lugonu was greatly pleased with you.
You were completely stuffed.

You visited 1 branch of the dungeon, and saw 7 of its levels.
You visited the Abyss 1 time.

You collected 321 gold pieces.

Inventory:

Hand Weapons
 a - a +2 flail of protection
 b - the +7 hunting sling of Qazlal's Displeasure {venom, Str+5}
   (You found it on level 4 of the Dungeon)

   It poisons the ammo it fires.
   It affects your strength (+5).
 h - a +0 battleaxe of chopping
 l - a +2 mace of protection
 E - a +0 trident
 F - a +1 hand axe
 N - the +6 flail "Neapsoci" (weapon) {vamp, +Inv rPois Str-3 Int+3}
   (You found it on level 7 of the Dungeon)

   It inflicts no extra harm, but heals its wielder when it wounds a living foe.
   It affects your strength (-3).
   It affects your intelligence (+3).
   It protects you from poison.
   It lets you turn invisible.
Missiles
 e - 221 stones
 r - 14 tomahawks (quivered)
 w - 11 poisoned needles
 x - 55 sling bullets
 B - 4 tomahawks of returning
 J - 4 curare-tipped needles
Armour
 f - a +3 ring mail of poison resistance (worn)
 y - a +0 large shield
Magical Staves
 C - an uncursed staff of wizardry {unknown}
Jewellery
 t - a ring of positive energy (left hand)
 H - an amulet of the gourmand (around neck)
 L - a ring of flight (right hand)
Scrolls
 m - 2 scrolls of fog {unknown}
 n - 7 scrolls of remove curse
 o - 4 scrolls of teleportation {unknown}
 p - 4 scrolls of enchant armour
 s - 11 scrolls of identify {unknown}
 A - 2 scrolls of fear {unknown}
 G - a scroll of noise {unknown}
 I - 2 scrolls of enchant weapon {unknown}
 M - a scroll of blinking {unknown}
Potions
 d - 2 potions of might {unknown}
 g - a potion of lignification {unknown}
 i - a potion of berserk rage {unknown}
 j - 3 potions of flight {unknown}
 k - 3 potions of resistance {unknown}
 q - 2 potions of haste {unknown}
 u - 2 potions of magic {unknown}
 v - 4 potions of curing
 z - 2 potions of heal wounds {unknown}
 D - a potion of degeneration {unknown}
Comestibles
 c - 13 rations
 K - a chunk of flesh


   Skills:
 + Level 5.6 Fighting
 + Level 6.6(7.6) Axes
 * Level 5.5(7.1) Maces & Flails
 + Level 4.5 Slings
 + Level 5.7 Armour
 - Level 1.0 Dodging
 + Level 1.1 Shields
 - Level 2.1 Invocations


You had 8 spell levels left.
You didn't know any spells.
Your spell library was empty.

Dungeon Overview and Level Annotations

Branches:
Dungeon (7/15)             Temple (0/1) D:7

Altars:
Dithmenos
Hepliaklqana
Qazlal
Ru
Uskayaw
Xom
Zin
The Shining One

Shops:
D:5 :

Annotations:
D:7 Harold


Innate Abilities, Weirdness & Mutations

You cannot be hasted, slowed, berserked, paralysed or teleported.
You can dig through walls and to a lower floor.
Your four strong arms can wield two-handed weapons with a shield.
You have a pair of large antennae on your head. (SInv)


Message History

Harold hits you but does no damage.
You hit Harold but do no damage.
Harold is lightly wounded.
Harold hits you with a +2 scimitar of protection!
You sock Harold!
Harold is lightly wounded.
Harold hits you with a +2 scimitar of protection!
You hit Harold but do no damage.
Harold is lightly wounded.
Harold hits you with a +2 scimitar of protection!!
* * * LOW HITPOINT WARNING * * *
You hit Harold.
You feel better.
Harold is moderately wounded.
You feel better.
Harold hits you with a +2 scimitar of protection!
* * * LOW HITPOINT WARNING * * *
You barely miss Harold.
Harold is moderately wounded.
Harold hits you with a +2 scimitar of protection!!
You die...

#.#
#.....#....##.#
#.#
#..##.#.##.##.#
#.########
#.....#.##....# #
#.(......#
#.##.####.#######
# #........#
#.........# #
#........#
#####.##### ##
#.######## #.#
.###.##### #.#
.##......#
######...
..#......#
#.@...##
#)#......# #@# .
#.##.###.#######.#
.
#..#.............#
.....###.#########
.....# #.#
.....###.##
.)..>.....#
....###.#.# #####
#...# #####


You could see Harold.

Vanquished Creatures
  A water moccasin (D:7)
  A sky beast (D:7)
  A phantom (D:7)
  2 ogres (D:4)
  2 bullfrogs
  3 scorpions
  4 killer bees (D:7)
  2 crimson imps (D:6)
  A bullfrog zombie (D:7)
  A quasit (D:6)
  4 orc priests
  3 hounds
  2 centaur skeletons
  10 orc wizards
  A bullfrog skeleton (D:4)
  3 worker ants
  A hound skeleton (D:4)
  Robin (D:2)
  7 adders
  A shadow imp (D:7)
  3 oozes
  An adder skeleton (D:4)
  2 worms (D:2)
  A dart slug (D:1)
  4 leopard geckos
  30 orcs
  7 giant cockroaches
  13 goblins
  14 hobgoblins
  14 jackals
  3 quokkas
  3 ball pythons
  6 bats
  5 frilled lizards
  A jackal skeleton (D:6)
  7 kobolds
  4 rats
169 creatures vanquished.

Vanquished Creatures (others)
  An orc (D:4)
1 creature vanquished.

Grand Total: 170 creatures vanquished

Notes
Turn   | Place    | Note
-------+----------+-------------------------------------------
     0 | Abyss:1  | bli the Formicid Abyssal Knight began the quest for the
                  | Orb.
     0 | Abyss:1  | Reached XP level 1. HP: 18/18 MP: 2/2
   390 | Abyss:1  | Noticed a necromancer
   404 | D:1      | Escaped the Abyss
   499 | D:1      | Reached * piety under Lugonu
   499 | D:1      | Reached XP level 2. HP: 21/24 MP: 3/3
   781 | D:1      | Reached skill level 3 in Axes
   918 | D:1      | Reached XP level 3. HP: 24/29 MP: 4/4
  1079 | D:2      | Noticed Robin
  1281 | D:2      | Found a hide-covered altar of Uskayaw.
  1311 | D:2      | Reached XP level 4. HP: 27/35 MP: 5/5
  1461 | D:2      | Reached skill level 4 in Axes
  1692 | D:2      | Reached XP level 5. HP: 26/41 MP: 6/6
  1788 | D:2      | Found a sacrificial altar of Ru.
  1789 | D:2      | Reached ** piety under Lugonu
  1798 | D:2      | Reached skill level 1 in Dodging
  1990 | D:2      | Killed Robin
  2293 | D:3      | Reached skill level 5 in Axes
  2476 | D:3      | Reached XP level 6. HP: 46/47 MP: 7/7
  2508 | D:3      | Reached *** piety under Lugonu
  3176 | D:4      | Found a shadowy altar of Dithmenos.
  3207 | D:4      | HP: 1/47 [orc wizard/magic dart (7)]
  3209 | D:4      | Reached skill level 1 in Shields
  3380 | D:4      | Reached XP level 7. HP: 17/53 MP: 8/8
  3655 | D:4      | Found a stormy altar of Qazlal.
  3682 | D:4      | Reached skill level 1 in Maces & Flails
  3689 | D:4      | Reached skill level 6 in Axes
  3832 | D:4      | Got a pitted hunting sling
  3861 | D:4      | Identified the +7 hunting sling of Qazlal's Displeasure
                  | {venom, Str+5} (You found it on level 4 of the Dungeon)
  4031 | D:4      | Reached XP level 8. HP: 60/60 MP: 9/9
  4034 | D:4      | Reached **** piety under Lugonu
  4170 | D:4      | Found a hazy altar of Hepliaklqana.
  4391 | D:4      | Reached skill level 1 in Slings
  4533 | D:5      | Entered Level 5 of the Dungeon
  4565 | D:5      | Found a glowing golden altar of the Shining One.
  4771 | D:5      | Found Variri's Book Boutique.
  4917 | D:5      | Found a shimmering altar of Xom.
  5220 | D:6      | Reached skill level 5 in Armour
  5507 | D:6      | Reached skill level 5 in Fighting
  5794 | D:6      | Found a glowing silver altar of Zin.
  5987 | D:7      | Reached XP level 9. HP: 52/68 MP: 10/10
  6125 | D:7      | Reached skill level 5 in Maces & Flails
  6279 | D:7      | Found a staircase to the Ecumenical Temple.
  6320 | D:7      | Got a slimy flail
  6321 | D:7      | Identified the +6 flail "Neapsoci" {vamp, +Inv rPois Str-3
                  | Int+3} (You found it on level 7 of the Dungeon)
  6375 | D:7      | Noticed Harold
  6392 | D:7      | HP: 1/69 [Harold/+2 scimitar of protection (13)]
  6393 | D:7      | Demolished by Harold

Vault maps used:
D:1:      eino_arrival_cavern_d, chequers_serial_rivers_small_a,
          serial_bayou_lake_a
D:2:      overflow_temple_1_default, nicolae_ru_great_annihilating_truth,
          uniq_robin
D:4:      lemuel_doored_altar, nicolae_overflow_crystal_walls,
          nicolae_dithmenos_the_darkroom
D:5:      marbit_many_paths, serial_shops,
          nicolae_shop_temple_entry_statues_fountains, basic_altar, first_ration
D:6:      lemuel_round_altar
D:7:      temple_pool_b, uniq_harold, uniq_prince_ribbit1

Skill      XL: |  1  2  3  4  5  6  7  8  9 |
---------------+----------------------------+-----
Axes           | 3 4 5 6 |  6.6
Armour         | 3 4 5 |  5.7
Dodging        | 1 |  1.0
Shields        | 1 |  1.1
Maces & Flails | 1 4 5 |  5.5
Fighting       | 4 5 |  5.6
Slings         | 3 4 |  4.5
Invocations    | |  2.1

Action                   |  1- 3 |  4- 6 |  7- 9 || total
-------------------------+-------+-------+-------++-------
Melee: Hand axe          |   106 |   245 |    44 ||   395
       Battleaxe         |       |    25 |     4 ||    29
       Flail             |       |       |   148 ||   148
 Fire: Hunting sling     |       |       |    92 ||    92
Throw: Stone             |     1 |     6 |       ||     7
       Tomahawk          |       |     2 |    29 ||    31
Invok: Depart the Abyss  |     1 |       |       ||     1
 Abil: Dig               |     1 |       |       ||     1
  Use: Scroll            |     1 |     2 |       ||     3
       Potion            |       |       |     1 ||     1
  Eat: Chunk             |     2 |     7 |    29 ||    38
Armor: Leather armour    |    22 |       |       ||    22
       Ring mail         |    23 |    93 |   152 ||   268
Dodge: Dodged            |    77 |   168 |   137 ||   382

Table legend:
 A = Non-vault XP
 B = Vault XP
 C = Vault XP percentage of total XP
 D = Non-vault monster count
 E = Vault monster count
 F = Vault count percentage of total count
                 A         B        C        D         E       F
            +---------+---------+-------+---------+---------+-------
      Total |    2706 |      78 |   2.8 |     155 |      15 |   8.8
            +---------+---------+-------+---------+---------+-------
        D:1 |      49 |       1 |   2.0 |      17 |       1 |   5.6
        D:2 |     112 |      77 |  40.7 |      26 |      14 |  35.0
        D:3 |      91 |       0 |   0.0 |      26 |       0 |   0.0
        D:4 |     943 |       0 |   0.0 |      44 |       0 |   0.0
        D:5 |      59 |       0 |   0.0 |       9 |       0 |   0.0
        D:6 |     436 |       0 |   0.0 |      15 |       0 |   0.0
        D:7 |    1016 |       0 |   0.0 |      18 |       0 |   0.0
            +---------+---------+-------+---------+---------+-------
